Map: 2000 Atmospheres LE

Players

MaNa - Winner!

  • Race: Protoss Protoss

PtitDrogo

  • Race: Protoss Protoss

Event: DreamHack SC2 Masters 2021 Fall

VOD

Have the link to the VOD?

Description

Time

  • Played on: Aug. 11, 2021, 12:09 p.m.
  • Length: 5:50

All games in this series

Show
View Real Time Build Order
Export as new Build Order

MaNa Protoss - Winner!

Build Orders: Phoenix Opening, Blink Stalkers 

Get SALT Encoding   

  12  0:00  Probe  
  13  0:12  Probe  
  14  0:17  Pylon  
  14  0:24  Probe (Chrono Boost)  
  15  0:36  Gateway, Probe (Chrono Boost)  
  16  0:44  Probe (Chrono Boost)  
  16  0:46  Assimilator  
  17  0:51  Probe  
  18  1:03  Probe (Chrono Boost)  
  19  1:04  Assimilator  
  19  1:10  Gateway  
  19  1:13  Probe (Chrono Boost)  
  19  1:18  Probe (Chrono Boost)  
  20  1:23  Cybernetics Core  
  21  1:29  Probe  
  22  1:35  Pylon  
  22  1:41  Probe  
  23  1:53  Probe  
  24  2:00  Sentry, Warp Gate  
  28  2:06  Stalker  
  28  2:11  Pylon  
  28  2:13  Probe  
  29  2:26  Sentry  
  29  2:29  Probe (Chrono Boost)  
  32  2:33  Phoenix  
  32  2:41  Probe (Chrono Boost)  
  32  2:44  Twilight Council  
  32  2:46  Probe (Chrono Boost)  
  33  2:55  Stalker  
  33  2:58  Probe  
  36  3:10  Probe  
  36  3:12  Pylon  
  37  3:15  Blink (Chrono Boost)  
  37  3:18  Phoenix  
  37  3:22  Probe  
  38  3:28  Pylon  
  38  3:34  Nexus  
  38  3:40  Probe  
  39  3:48  Stalker  
  41  3:49  Stalker  
  43  3:56  Gateway  
  43  4:00  Probe  
  44  4:14  Stalker  
  44  4:16  Stalker  
  48  4:18  Probe  
  49  4:30  Probe  
  50  4:38  Pylon  
  50  4:39  Stalker  
  50  4:40  Stalker  
  54  4:48  Probe x2  
  54  4:51  Stalker  
  58  5:02  Stalker  
  58  5:03  Stalker  
  58  5:05  Probe  
  58  5:06  Probe  
  62  5:26  Probe  
  62  5:28  Stalker x3  
  69  5:33  Robotics Facility  
  66  5:46  Shield Battery  
  66  5:49  Pylon  
Show
View Real Time Build Order
Export as new Build Order

PtitDrogo Protoss 

Build Orders: Phoenix Opening 

Get SALT Encoding   

  12  0:00  Probe  
  13  0:12  Probe  
  14  0:17  Pylon  
  14  0:24  Probe (Chrono Boost)  
  15  0:36  Probe (Chrono Boost)  
  15  0:37  Gateway  
  16  0:44  Probe (Chrono Boost)  
  16  0:46  Assimilator  
  17  0:51  Probe  
  17  0:54  Assimilator  
  18  1:03  Probe (Chrono Boost)  
  19  1:08  Gateway  
  19  1:13  Probe (Chrono Boost)  
  20  1:19  Probe  
  20  1:24  Cybernetics Core  
  21  1:31  Probe  
  22  1:36  Pylon  
  22  1:43  Probe  
  23  1:57  Probe  
  23  2:01  Sentry, Stalker  
  28  2:04  Warp Gate  
  28  2:11  Pylon  
  28  2:23  Pylon  
  28  2:24  Pylon  
  30  2:41  Cybernetics Core  
  30  2:43  Phoenix  
  29  2:50  Nexus  
  27  2:54  Probe (Chrono Boost)  
  28  2:59  Sentry  
  28  3:02  Sentry  
  28  3:03  Probe (Chrono Boost)  
  33  3:08  Probe (Chrono Boost)  
  34  3:13  Pylon  
  34  3:20  Probe (Chrono Boost)  
  34  3:24  Shield Battery  
  35  3:28  Probe (Chrono Boost)  
  36  3:35  Phoenix, Probe  
  36  3:38  Twilight Council  
  37  3:47  Robotics Facility  
  37  3:48  Probe  
  38  3:55  Stalker  
  40  4:03  Probe (Chrono Boost)  
  40  4:09  Phoenix, Probe (Chrono Boost)  
  42  4:12  Probe (Chrono Boost)  
  42  4:16  Probe (Chrono Boost)  
  44  4:20  Probe (Chrono Boost)  
  44  4:22  Forge  
  45  4:28  Immortal  
  45  4:30  Stalker, Probe (Chrono Boost)  
  48  4:32  Stalker  
  48  4:36  Observer, Probe (Chrono Boost)  
  48  4:38  Probe  
  53  4:42  Pylon  
  53  4:47  Probe  
  53  4:51  Probe  
  55  4:59  Shield Battery  
  55  5:00  Immortal (Chrono Boost)  
  55  5:03  Stalker  
  61  5:12  Stalker  
  57  5:20  Probe  
  52  5:27  Shield Battery  
  46  5:30  Stalker  

Tags
 
Add a new tag
Caveats
  • Supply blocks, unpowered buildings, or Contaminate may cause inaccurate times.
  • Supply counts are checked every 10 seconds.